AoeStats
← ainea_zothana

Arabia

509954530Analyzed
1v1 RM · 3d ago on Sep 28, 2026· 50m 13s· 2 players
Game mode
Random Map
Map size
Tiny (2 player)
Population
200
Speed
Normal
Resources
Standard
Victory
Conquest
Starting age
Dark Age
Ending age
Imperial Age
RankedLock teamsTeams togetherTeam positionsShared explorationLock speedFull tech treeHidden civsTurbo modeCheats
Victory
Defeat
🇩🇪 Japanese · Germany
1068
+15
🇮🇳 Danes · India
1054
-15
ainea_zothana
5:46 Loom
10:25 Feudal Age
15:42 Castle Age
14:15 Double-Bit Axe
31:06 Wheelbarrow
34:39 Squires
34:54 Forging
38:19 Pikeman
44:18 Stone Mining
44:37 Arson
45:29 Scale Mail Armor
ImseVimse
7:49 Loom
10:25 Feudal Age
10:41 Man-at-Arms
11:40 Double-Bit Axe
14:22 Fletching
24:42 Castle Age
22:44 Padded Archer Armor
22:50 Gold Mining
23:36 Horse Collar
24:48 Crossbowman
25:24 Bodkin Arrow
27:04 Ballistics
27:50 Wheelbarrow
29:21 Atonement
30:32 Bow Saw
31:19 Atonement
35:26 Scale Barding Armor
35:51 Husbandry
37:02 Bloodlines
39:09 Chain Barding Armor
39:46 Forging
42:10 Hand Cart
46:01 Imperial Age
44:13 Heavy Plow
44:03 Treadmill Crane
46:41 Forging
46:45 Bracer
46:52 Thumb Ring
47:30 Conscription
48:44 Two-Man Saw
47:31 Arbalester
49:14 Leather Archer Armor
50:06 Chemistry
49:48 Murder Holes
49:25 Cavalier
Connection lost

Rejoining the realm…

Still unreachable

The connection could not be restored.

Session expired

The server has moved on; the page needs a fresh start.